 Dungeon Crawl Stone Soup version 0.28-a0-834-g1a73be5ee4 (webtiles) character file.

Game seed: 8027934990895949420

2 MirrMurr the Sneak (level 1, 0/9 HPs)
             Began as a Spriggan Enchanter on Nov 11, 2021.
             Slain by a bat (1 damage)
             ... on level 1 of the Dungeon.
             The game lasted 00:00:45 (361 turns).

MirrMurr the Sneak (Spriggan Enchanter)              Turns: 361, Time: 00:00:45

Health: 0/9        AC:  2    Str:  4    XL:     1   Next: 25%
Magic:  5/5        EV: 17    Int: 16    God:
Gold:   23         SH:  0    Dex: 15    Spells: 5/5 levels left

rFire   . . .      SeeInvis +   a - +1 dagger
rCold   . . .      Faith    .   (shield restricted)
rNeg    . . .      Spirit   .   b - +0 robe
rPois   .          Reflect  .   (helmet restricted)
rElec   .          Harm     .   (no cloak)
rCorr   .          Rampage  .   (gloves unavailable)
Will    .....                   (boots unavailable)
Stlth   +++.......              (no amulet)
HPRegen 0.03/turn               (no ring)
MPRegen 0.09/turn               (no ring)

@: very quick
A: very small, no large weapons, unfitting armour, see invisible, speed 3
a: no special abilities


You were on level 1 of the Dungeon.
You visited 1 branch of the dungeon, and saw 1 of its levels.

You collected 23 gold pieces.

Inventory:

Hand Weapons
 a - a +1 dagger (weapon)
Armour
 b - a +0 robe (worn)
Potions
 c - a potion of invisibility


   Skills:
 + Level 1.2 Short Blades
 - Level 2.6 Dodging
 + Level 4.5 Stealth
 - Level 2.6 Spellcasting
 - Level 3.6 Hexes


You had 5 spell levels left.
You didn't know any spells.
Your spell library contained the following spells:

 Spells                   Type           Power      Damage    Failure   Level
 Confusing Touch          Hex            13%        N/A       13%         3
 Tukima's Dance           Hex            13%        N/A       13%         3
 Ensorcelled Hibernation  Hex/Ice        14%        N/A       14%         2
 Pain                     Necr           8%         1d4       19%         1
 Wereblood                Tmut           2%         N/A       28%         2
 Dazzling Flash           Conj/Hex       14%        N/A       28%         3
 Yara's Violent Unravell  Hex/Tmut       3%         3d4       95%         5


Dungeon Overview and Level Annotations

Branches:
Dungeon (1/15)

Altars:


Innate Abilities, Weirdness & Mutations

You are very small and have problems with some larger weapons.
You are too small for most types of armour.
You have supernaturally acute eyesight. (SInv)
You cover ground extremely quickly. (Speed+++)


Message History

A bat comes into view.
Found a helmet and 23 arrows.
Found 12 gold pieces.
The bat misses you.
You hit the hobgoblin but do no damage. The bat barely misses you.
A goblin comes into view. It is wielding a +0 club.
The hobgoblin closely misses you.
You barely miss the bat. The bat hits you but does no damage.
The hobgoblin misses you.
You closely miss the hobgoblin. The bat hits you but does no damage.
The hobgoblin misses you.
You completely miss the hobgoblin. The hobgoblin hits you.
The bat hits you but does no damage.
The goblin shouts!
You hit the bat but do no damage. The bat completely misses you.
The hobgoblin completely misses you.
You hit the hobgoblin.
The hobgoblin is moderately wounded.
The bat hits you. The hobgoblin closely misses you.
You closely miss the hobgoblin.
The hobgoblin is moderately wounded.
The bat closely misses you. The hobgoblin hits you.
* * * LOW HITPOINT WARNING * * *
You are too injured to fight recklessly!
You are too injured to fight recklessly!
Unknown command.
The bat misses you.
There is an open door here.
The bat misses you. The bat hits you.
* * * LOW HITPOINT WARNING * * *
You miss the bat. The bat barely misses you. The bat completely misses you.
Found a scroll labelled WAIMYTR INIHE.
The bat hits you.
* * * LOW HITPOINT WARNING * * *
The bat barely misses you. The bat misses you.
There is an open door here.
The bat hits you.
You die...

######.....#.......#......
.......#.⌠...⌠)#.....#
.........#(..g...#......
.........'...⌠...'..#...
.........#...g...##.#
..........#.⌠...⌠.# #
######.....#.......# #..
####b####..# #. #.@.....#
# #............
#.##..#...### # #....#..#
.?.### .# ....# .# ....# #
....##


You could see a hobgoblin, a goblin and a bat.

Vanquished Creatures
  A hobgoblin (D:1)
  A frilled lizard (D:1)
2 creatures vanquished.

Notes
Turn   | Place    | Note
-------+----------+-------------------------------------------
     0 | D:1      | MirrMurr the Spriggan Enchanter began the quest for the
                  | Orb.
     0 | D:1      | Reached XP level 1. HP: 9/9 MP: 5/5
    30 | D:1      | Got Cigotuvi's Incunabulum of Stolen Souls and Moulding
   361 | D:1      | Slain by a bat

Illustrated notes

Levels and vault maps discovered:
D:1:      kennysheep_arrival_seaside, layout_rooms, minmay_fountain_box

Action                   || total
-------------------------++-------
Melee: Dagger            ||    15
Armor: Robe              ||     4
Dodge: Dodged            ||    18

Table legend: (Time is in decaauts)
 A = Elapsed time spent in this place.
 B = Non-inter-level travel time spent in this place.
 C = Inter-level travel time spent in this place.
 D = Time resting spent in this place.
 E = Time spent auto-exploring this place.
 F = Levels seen in this place.
 G = Mean time per level.
                   A        B        C        D        E       F      G
               +--------+--------+--------+--------+--------+-----+--------+
         Total |    307 |    307 |      0 |    200 |     41 |   1 |  307.0 |
       Dungeon |    307 |    307 |      0 |    200 |     41 |   1 |  307.0 |
               +--------+--------+--------+--------+--------+-----+--------+

Top non-repeatable levels by time:
     D:1: 307 daAuts
